 Dungeon Crawl Stone Soup version 0.16.2-12-gd0ad4c3 (webtiles) character file.

2934 faibistes the Thaumaturge (level 9, -9/47 HPs)
             Began as a Deep Elf Wizard on Jan 21, 2019.
             Was a Priest of Sif Muna.
             Hit by a poisoned tomahawk thrown by an orc warrior (20 damage)
             ... on level 11 of the Dungeon.
             The game lasted 00:24:41 (9397 turns).

faibistes the Thaumaturge (Deep Elf Wizard)         Turns: 9397, Time: 00:24:43

Health: -9/47      AC:  9    Str:  4    XL:     9   Next: 51%
Magic:  9/29       EV: 14    Int: 27    God:    Sif Muna [***...]
Gold:   566        SH:  0    Dex: 13    Spells: 6 memorised, 14 levels left

rFire  . . .     SeeInvis +     n - +1 falchion (flame)
rCold  + . .     Clarity  .     R - +2 robe {rC+}
rNeg   . . .     SustAb   +     (no shield)
rPois  .         Gourm    .     O - +2 helmet
rElec  .         Spirit   .     D - +1 cloak
rCorr  .         Warding  .     (no gloves)
rMut   .         Stasis   .     (no boots)
MR     .....                    p - amulet of rage
Stlth  ++........               L - ring of sustain abilities
                                H - ring of see invisible

@: lethally poisoned (-9 -> -21), repel missiles, not resistant to hostile
enchantments, unstealthy
A: no striking features
a: Channel Energy, Forget Spell, Renounce Religion, Evoke Berserk Rage


You were on level 11 of the Dungeon.
You worshipped Sif Muna.
Sif Muna was most pleased with you.
You were not hungry.

You visited 2 branches of the dungeon, and saw 10 of its levels.

You collected 566 gold pieces.

Inventory:

Hand weapons
 e - a +0 dagger
 n - a +1 falchion of flaming (weapon)
Armour
 a - a +0 robe
 b - a +0 hat
 k - a +2 animal skin
 D - a +1 cloak (worn)
 N - a +2 robe of fire resistance
 O - a +2 helmet (worn)
 R - a +2 robe of cold resistance (worn)
Jewellery
 m - an uncursed ring of ice
 p - an amulet of rage (around neck)
 H - a ring of see invisible (left hand)
 L - a ring of sustain abilities (right hand)
 T - a -2 ring of dexterity
Magical devices
 g - a wand of digging (7)
 l - a wand of polymorph (0)
 x - a wand of confusion (48)
 B - a wand of digging (10)
 I - a wand of random effects (17)
 Q - a wand of flame (28)
Scrolls
 h - a scroll of random uselessness
 i - 3 scrolls of remove curse
 j - 4 scrolls of teleportation
 r - a scroll of amnesia
 v - a scroll of enchant armour
 y - a scroll of enchant weapon
 z - 3 scrolls of fog
 E - 2 scrolls of recharging
 J - a scroll of blinking {unknown}
 M - a scroll of immolation {unknown}
 S - a scroll of noise {unknown}
Potions
 o - a potion of lignification
 q - a potion of might
 t - a potion of brilliance
 u - a potion of cure mutation
 w - 5 potions of curing
 A - a potion of restore abilities
 C - 2 potions of heal wounds
 K - 2 potions of cancellation {unknown}
 U - 2 potions of berserk rage {unknown}
 W - a potion of agility {unknown}
Books
 c - a book of Minor Magic

   Spells                             Type                      Level
   a - Magic Dart                     Conjuration                  1
   b - Blink                          Translocation                2
   c - Call Imp                       Summoning                    2
   d - Repel Missiles                 Charms/Air                   2
   e - Slow                           Hexes                        2
   f - Conjure Flame                  Conjuration/Fire             3
   g - Mephitic Cloud                 Conjuration/Poison/Air       3
Comestibles
 d - 3 bread rations
 f - 10 fruits
 s - 6 meat rations
 F - 2 slices of pizza
 G - a royal jelly
 P - a beef jerky
 V - a chunk of flesh


   Skills:
 + Level 1.1 Fighting
 + Level 5.6 Dodging
 - Level 2.4 Stealth
 * Level 9.5 Spellcasting
 + Level 6.7 Conjurations
 + Level 2.0 Charms
 - Level 1.1 Summonings
 + Level 2.8 Translocations
 * Level 5.1 Fire Magic
 - Level 4.4 Air Magic
 - Level 3.4 Poison Magic
 * Level 2.1 Invocations
 + Level 1.6 Evocations


You had 14 spell levels left.
You knew the following spells:

 Your Spells              Type           Power        Failure   Level  Hunger
a - Magic Dart            Conj           ####         1%          1    None
b - Conjure Flame         Conj/Fire      #####...     1%          3    None
c - Call Imp              Summ           ###.....     6%          2    None
d - Blink                 Tloc           N/A          1%          2    None
e - Mephitic Cloud        Conj/Pois/Air  #####...     1%          3    None
f - Repel Missiles        Chrm/Air       ####..       1%          2    None


Dungeon Overview and Level Annotations

Branches:
Dungeon (11/15)            Temple (1/1) D:7
   Lair: D:8-11         Orc: D:9-12

Altars:
Ashenzari
Dithmenos
Elyvilon
Gozag
Kikubaaqudgha
Makhleb
Nemelex Xobeh
Okawaru
Qazlal
Sif Muna
Trog
Xom
Yredelemnul
Zin
The Shining One

Annotations:
D:11 Erica


Message History

Aiming: Mephitic Cloud
Press: ? - help, Shift-Dir - straight line The ball explodes into a vile cloud!
The stinking cloud engulfs Erica.
You hear a shout!
The orc warrior seems less confused.
Erica is engulfed in noxious fumes.
Erica appears confused.
The orc warrior throws a poisoned tomahawk.
The poisoned tomahawk misses you.
The orc warrior throws a poisoned tomahawk.
The poisoned tomahawk hits you!
* * * LOW HITPOINT WARNING * * *
You are lethally poisoned!
Read which item? (? for menu, Esc to quit)
As you read the scroll of fog, it crumbles to dust.
The scroll dissolves into smoke.
* * * LOW HITPOINT WARNING * * *
You feel sick.
The orc warrior throws a poisoned tomahawk.
The poisoned tomahawk hits you!!
You die...

...o...§..#
#......§o..#
#.....oo§..#
#....####§.#
#......§§@.#
###.o..§.§.#
#........#
#.§§§....#
#.§@§....#
#..§§....#
#........#
..........#
#....#####.#
#.... .#
#.... .... .


You could see Erica (confused), an orc warrior and an orc.

Vanquished Creatures
  Pikel (D:7)
  Sonja (D:11)
  A hippogriff (D:7)
  A phantom (D:7)
  2 centaurs
  4 ogres
  3 slaves
  2 giant frogs (D:6)
  3 scorpions
  A water moccasin skeleton (D:4)
  4 wights (D:5)
  4 crimson imps
  A centaur zombie (D:5)
  A giant frog zombie (D:5)
  4 hounds
  2 goliath beetles
  Crazy Yiuf (D:3)
  4 jellies
  2 orc wizards
  An iguana (D:7)
  3 worker ants
  Ijyb (D:7)
  9 gnolls
  11 adders
  A giant mite (D:4)
  7 worms
  3 adder skeletons
  6 giant geckos
  2 oozes
  17 orcs
  A bat skeleton (D:6)
  6 giant cockroaches
  20 hobgoblins
  12 jackals
  10 kobolds
  4 quokkas
  2 ball pythons (D:4)
  12 bats
  2 giant newts
  19 goblins
  A quokka skeleton (D:4)
  15 rats
207 creatures vanquished.

Vanquished Creatures (collateral kills)
  Robin (D:2)
  2 gnolls (D:2)
  A goblin (D:2)
  A kobold (D:2)
  A rat (D:2)
6 creatures vanquished.

Vanquished Creatures (others)
  A crimson imp (D:2)
  A shadow imp (D:2)
  An adder zombie (D:7)
  A ball python (D:7)
4 creatures vanquished.

Grand Total: 217 creatures vanquished

Notes
Turn   | Place    | Note
--------------------------------------------------------------
     0 | D:1      | faibistes, the Deep Elf Wizard, began the quest for the Orb.
     0 | D:1      | Reached XP level 1. HP: 10/10 MP: 6/6
   379 | D:2      | Noticed Robin
   382 | D:2      | Reached XP level 2. HP: 15/15 MP: 4/9
   392 | D:1      | Learned a level 2 spell: Blink
   395 | D:1      | Learned a level 2 spell: Call Imp
   955 | D:2      | Killed Robin
   955 | D:2      | Reached skill level 5 in Spellcasting
   955 | D:2      | Reached XP level 3. HP: 19/19 MP: 1/14
  1046 | D:2      | Learned a level 3 spell: Conjure Flame
  1050 | D:2      | Learned a level 3 spell: Mephitic Cloud
  2276 | D:2      | Reached XP level 4. HP: 24/24 MP: 14/17
  2340 | D:2      | Learned a level 2 spell: Repel Missiles
  2883 | D:3      | Reached skill level 6 in Spellcasting
  3001 | D:2      | Reached XP level 5. HP: 8/28 MP: 1/20
  3416 | D:5      | Entered Level 5 of the Dungeon
  3831 | D:3      | Found an ancient bone altar of Kikubaaqudgha.
  4374 | D:3      | Reached XP level 6. HP: 32/32 MP: 15/22
  4452 | D:3      | Noticed Crazy Yiuf
  4478 | D:3      | Killed Crazy Yiuf
  4478 | D:3      | Reached skill level 7 in Spellcasting
  4783 | D:4      | Found a deep blue altar of Sif Muna.
  4793 | D:4      | Became a worshipper of Sif Muna the Loreminder
  4911 | D:4      | Found an opulent altar of Gozag.
  5151 | D:4      | Noticed an ogre
  5159 | D:4      | Killed an ogre
  5159 | D:4      | Reached skill level 1 in Fire Magic
  5159 | D:4      | Reached skill level 1 in Air Magic
  5230 | D:4      | Reached skill level 1 in Poison Magic
  5230 | D:4      | Reached XP level 7. HP: 31/37 MP: 16/25
  5287 | D:4      | Noticed an ogre
  5291 | D:4      | Killed an ogre
  5447 | D:5      | Acquired Sif Muna's first power
  5880 | D:5      | Noticed a centaur
  5898 | D:5      | Killed a centaur
  5970 | D:5      | Reached skill level 5 in Conjurations
  6070 | D:5      | Reached skill level 8 in Spellcasting
  6070 | D:5      | Reached XP level 8. HP: 42/42 MP: 21/27
  6074 | D:5      | Noticed an ogre
  6080 | D:5      | Killed an ogre
  6188 | D:4      | Acquired Sif Muna's second power
  6344 | D:5      | Found a stormy altar of Qazlal.
  7414 | D:6      | Found a glowing silver altar of Zin.
  7415 | D:6      | Found a glowing golden altar of the Shining One.
  7416 | D:6      | Found a white marble altar of Elyvilon.
  7542 | D:8      | Found a shadowy altar of Dithmenos.
  7679 | D:7      | Noticed Ijyb
  7687 | D:7      | Reached skill level 5 in Dodging
  7696 | D:7      | Killed Ijyb
  7907 | D:7      | Noticed Pikel
  8060 | D:7      | Killed Pikel
  8060 | D:7      | Reached skill level 9 in Spellcasting
  8060 | D:7      | Reached XP level 9. HP: 44/46 MP: 23/29
  8145 | D:7      | Reached skill level 1 in Evocations
  8304 | D:8      | Reached skill level 1 in Invocations
  8389 | D:7      | Reached skill level 5 in Fire Magic
  8696 | D:7      | Found a shattered altar of Ashenzari.
  8697 | D:7      | Found a basalt altar of Yredelemnul.
  8702 | D:7      | Reached skill level 1 in Fighting
  8702 | D:7      | Reached skill level 1 in Charms
  8816 | D:7      | Found a staircase to the Ecumenical Temple.
  8823 | Temple   | Entered the Ecumenical Temple
  9356 | D:8      | You fall through a shaft for 3 floors!
  9356 | D:11     | Noticed Sonja
  9369 | D:11     | Killed Sonja
  9389 | D:11     | Noticed Erica
  9397 | D:11     | Hit by a poisoned tomahawk thrown by an orc warrior

Action                   |  1- 3 |  4- 6 |  7- 9 || total
-------------------------+-------+-------+-------++-------
Melee: Dagger            |     2 |       |       ||     2
       Falchion          |     2 |    24 |    24 ||    50
 Cast: Magic Dart        |    92 |   201 |   337 ||   630
       Call Imp          |     2 |     3 |       ||     5
       Conjure Flame     |     2 |     5 |    24 ||    31
       Mephitic Cloud    |       |     6 |     9 ||    15
       Blink             |       |     4 |     2 ||     6
       Repel Missiles    |       |     1 |       ||     1
  Use: Scroll            |       |     5 |    12 ||    17
       Potion            |       |       |     1 ||     1
 Stab: Sleeping          |       |     2 |       ||     2
       Confused          |       |     1 |       ||     1
  Eat: Chunk             |     3 |    10 |    13 ||    26
